AoeStats
← ColdFront

Arabia

505946120Analyzed
1v1 RM · 21d ago on Sep 11, 2026· 57m 14s· 2 players
Game mode
Random Map
Map size
Tiny (2 player)
Population
200
Speed
Normal
Resources
Standard
Victory
Conquest
Starting age
Dark Age
Ending age
Imperial Age
RankedLock teamsTeams togetherTeam positionsShared explorationLock speedFull tech treeHidden civsTurbo modeCheats
Victory
Defeat
🇮🇳 Mongols · India
949
+18
🇮🇹 Spanish · Italy
982
-18
alfredopgn93
7:01 Loom
10:19 Feudal Age
11:13 Double-Bit Axe
13:00 Horse Collar
21:33 Castle Age
19:37 Stone Mining
24:54 Scale Barding Armor
24:40 Fletching
24:48 Gold Mining
29:34 Padded Archer Armor
31:41 Pikeman
33:12 Squires
36:29 Wheelbarrow
40:31 Forging
40:23 Scale Mail Armor
43:02 Imperial Age
41:41 Chain Barding Armor
42:07 Ballistics
43:10 Halberdier
46:01 Stone Shaft Mining
47:10 Leather Archer Armor
46:51 Bodkin Arrow
46:38 Elite Skirmisher
52:03 Ring Archer Armor
51:33 Bracer
ColdFront
6:36 Loom
9:17 Feudal Age
11:47 Double-Bit Axe
21:01 Castle Age
18:49 Horse Collar
20:01 Bloodlines
19:58 Scale Barding Armor
21:45 Husbandry
25:40 Forging
30:35 Fletching
35:59 Padded Archer Armor
36:09 Bodkin Arrow
38:21 Wheelbarrow
38:41 Iron Casting
39:34 Hand Cart
38:44 Light Cavalry
40:01 Chain Barding Armor
40:57 Leather Archer Armor
41:11 Ballistics
41:02 Masonry
45:13 Imperial Age
42:42 Murder Holes
46:03 Bow Saw
46:16 Fortified Wall
47:10 Chemistry
45:46 Hussar
46:54 Conscription
45:55 Elite Mangudai
47:11 Hoardings
47:41 Drill
49:06 Bracer
50:07 Blast Furnace
50:12 Siege Engineers
50:33 Heavy Plow
52:50 Parthian Tactics
52:30 Thumb Ring
Connection lost

Rejoining the realm…

Still unreachable

The connection could not be restored.

Session expired

The server has moved on; the page needs a fresh start.